[Event "Azerbaijan Championship 2022"]
[Site "Nakhchivan"]
[Date "2022.02.06"]
[Round "2.7"]
[White "Shahaliyev, Ismayil"]
[Black "Manafov, Vugar"]
[Result "1-0"]
[ECO "A40"]
[WhiteElo "2380"]
[BlackElo "2299"]
[Annotator "ChessBase"]
[PlyCount "93"]
[EventDate "2022.02.05"]
[EventCountry "AZE"]
[SourceTitle "playchess.com"]
[Source "ChessBase"]
[SourceQuality "1"]
[TimeControl "40/5400+30:1800+30"]

1. d4 Nf6 2. c4 e6 3. g3 Bb4+ 4. Bd2 a5 5. Bg2 d5 6. Nf3 O-O 7. O-O Nbd7 8. Qc2 c6 9. Bf4 Be7 10. Rd1 Nh5 11. Bc1 f5 12. b3 Nhf6 13. Ba3 a4 14. Bxe7 Qxe7 15. Nc3 a3 16. e3 Ne4 17. Rab1 b5 18. cxb5 cxb5 19. Rbc1 Ba6 20. Nxe4 fxe4 21. Ne1 b4 22. Qd2 Rac8 23. Bh3 Qd6 24. Rxc8 Rxc8 25. Rc1 Rf8 26. Rc2 h5 27. Qd1 Nf6 28. Qc1 Bb5 29. Rc8 Rxc8 30. Qxc8+ Kf7 31. Nc2 Nd7 32. Qb7 Bd3 33. Nxb4 Bb1 34. Na6 Kg6 35. Nb4 Kh7 36. Qb5 h4 37. Qa5 e5 38. Bf5+ g6 39. Bxd7 Qxd7 40. Nxd5 Qc6 41. Nc3 exd4 42. Qa7+ Kg8 43. Qxd4 h3 44. Kf1 Kh7 45. Ke1 Bxa2 46. Nxa2 Qc2 47. Qa7+ 1-0

[Event "Azerbaijan Championship 2022"]
[Site "Nakhchivan"]
[Date "2022.02.06"]
[Round "2.10"]
[White "Mustafayev, Farid"]
[Black "Bayramov, Elvin"]
[Result "0-1"]
[ECO "D43"]
[WhiteElo "2322"]
[BlackElo "2280"]
[Annotator "ChessBase"]
[PlyCount "100"]
[EventDate "2022.02.05"]
[EventCountry "AZE"]
[SourceTitle "playchess.com"]
[Source "ChessBase"]
[SourceQuality "1"]
[TimeControl "40/5400+30:1800+30"]

1. d4 d5 2. c4 c6 3. Nf3 Nf6 4. Nc3 e6 5. cxd5 exd5 6. Bg5 Bd6 7. e3 h6 8. Bh4 Qb6 9. Qc1 Bf5 10. Be2 Ne4 11. O-O g5 12. Bg3 Nxg3 13. hxg3 Nd7 14. Qd2 Be4 15. Rac1 Qd8 16. Ne5 Nxe5 17. dxe5 Bxe5 18. Nxe4 dxe4 19. Qb4 Qe7 20. Qxe4 Bg7 21. Qc2 h5 22. Qa4 Kf8 23. Rcd1 g4 24. Rd2 b5 25. Qa6 Rh6 26. Rfd1 Be5 27. Rd7 Qf6 28. Rxa7 Rxa7 29. Qxa7 Kg7 30. b3 h4 31. Bxg4 hxg3 32. f4 Rh4 33. Qd7 Bb8 34. Bh3 Qb2 35. Rf1 Qc3 36. Qe7 Rh6 37. Bf5 Rf6 38. Bb1 Bd6 39. Qe4 Bc5 40. Qh7+ Kf8 41. Bf5 Qxe3+ 42. Kh1 Qe2 43. Rb1 Bf2 44. Qh8+ Ke7 45. Qh4 Be1 46. Bd3 Qe3 47. Rd1 Bc3 48. a4 Qxf4 49. Qxf4 Rxf4 50. axb5 cxb5 0-1

[Event "Azerbaijan Championship 2022"]
[Site "Nakhchivan"]
[Date "2022.02.06"]
[Round "2.11"]
[White "Babayev, Talib"]
[Black "Ilyasli, Ughur"]
[Result "0-1"]
[ECO "E73"]
[WhiteElo "2256"]
[BlackElo "2310"]
[Annotator "ChessBase"]
[PlyCount "44"]
[EventDate "2022.02.05"]
[EventCountry "AZE"]
[SourceTitle "playchess.com"]
[Source "ChessBase"]
[SourceQuality "1"]
[TimeControl "40/5400+30:1800+30"]

1. d4 Nf6 2. c4 g6 3. Nc3 Bg7 4. e4 d6 5. Be2 O-O 6. g4 c5 7. g5 Ne8 8. d5 e6 9. h4 exd5 10. cxd5 Qe7 11. f3 f5 12. gxf6 Nxf6 13. Nh3 Nh5 14. Bg5 Qf7 15. Be3 h6 16. Qd2 Ng3 17. Rh2 Bxc3 18. bxc3 Nxe2 19. Qxe2 Qxf3 20. Nf2 Qg3 21. Rh1 Bg4 22. Qd2 Nd7 0-1

[Event "Azerbaijan Championship 2022"]
[Site "Nakhchivan"]
[Date "2022.02.06"]
[Round "2.12"]
[White "Talibov, Shiroghlan"]
[Black "Mammadov, Sadig"]
[Result "0-1"]
[ECO "C15"]
[WhiteElo "2307"]
[BlackElo "2220"]
[Annotator "ChessBase"]
[PlyCount "96"]
[EventDate "2022.02.05"]
[EventCountry "AZE"]
[SourceTitle "playchess.com"]
[Source "ChessBase"]
[SourceQuality "1"]
[TimeControl "40/5400+30:1800+30"]

1. e4 e6 2. d4 d5 3. Nc3 Bb4 4. Bd2 Bxc3 5. bxc3 Ne7 6. Bd3 c5 7. e5 c4 8. Be2 Qa5 9. a4 Bd7 10. Qb1 b6 11. Qb4 Nbc6 12. Qa3 Rb8 13. Nf3 b5 14. O-O bxa4 15. Bg5 h6 16. Bxe7 Nxe7 17. Rfb1 Rb6 18. Nd2 Nc8 19. f4 Kd8 20. h4 Rxb1+ 21. Rxb1 Qc7 22. Nf1 Be8 23. f5 Qe7 24. Qc1 Nb6 25. Qf4 g5 26. Qf2 gxh4 27. Ne3 h5 28. f6 Qa3 29. Qe1 h3 30. Ra1 Qf8 31. gxh3 Qh6 32. Qg3 Rg8 33. Qxg8 Qxe3+ 34. Kf1 Qxh3+ 35. Kf2 Qxc3 36. Rd1 a3 37. Qf8 Nc8 38. Qh6 a2 39. Qc1 h4 40. Bf3 Ba4 41. Qa1 Qxc2+ 42. Ke3 c3 43. Qc1 Qb2 44. Rg1 Nb6 45. Be2 Bc2 46. Bd3 Bb1 47. Qxb2 cxb2 48. Rxb1 a1=Q 0-1

[Event "Azerbaijan Championship 2022"]
[Site "Nakhchivan"]
[Date "2022.02.07"]
[Round "3.6"]
[White "Atakishiyev, Elmar"]
[Black "Babazada, Khazar"]
[Result "0-1"]
[ECO "A40"]
[WhiteElo "2240"]
[BlackElo "2427"]
[Annotator "ChessBase"]
[PlyCount "80"]
[EventDate "2022.02.05"]
[EventCountry "AZE"]
[SourceTitle "playchess.com"]
[Source "ChessBase"]
[SourceQuality "1"]
[TimeControl "40/5400+30:1800+30"]

1. d4 Nf6 2. c4 e6 3. g3 d5 4. Nf3 Bb4+ 5. Bd2 a5 6. Bg2 O-O 7. O-O dxc4 8. Bg5 h6 9. Bxf6 Qxf6 10. Qc2 Nd7 11. Qxc4 e5 12. a3 Bd6 13. Nc3 Qe7 14. e4 c6 15. Rad1 exd4 16. Nxd4 Ne5 17. Qe2 Bc5 18. Nf5 Qf6 19. Ne3 Be6 20. Kh1 Bxe3 21. Qxe3 Bc4 22. f4 Bxf1 23. Rxf1 Nc4 24. Qe2 Qd4 25. Rd1 Qc5 26. Rc1 Qe3 27. Qxe3 Nxe3 28. Bf3 Rad8 29. e5 Rd2 30. Ne4 Rxb2 31. Nd6 Rd8 32. h4 g6 33. Be4 Kf8 34. Re1 Ng4 35. Kg1 Ke7 36. Rc1 Rb3 37. Kg2 Rxd6 38. exd6+ Kxd6 39. Rd1+ Ke7 40. Re1 Re3 0-1

[Event "Azerbaijan Championship 2022"]
[Site "Nakhchivan"]
[Date "2022.02.08"]
[Round "4.11"]
[White "Mammadov, Sadig"]
[Black "Eynullayev, Atilla"]
[Result "0-1"]
[ECO "D72"]
[WhiteElo "2220"]
[BlackElo "2324"]
[Annotator "ChessBase"]
[PlyCount "120"]
[EventDate "2022.02.05"]
[EventCountry "AZE"]
[SourceTitle "playchess.com"]
[Source "ChessBase"]
[SourceQuality "1"]
[TimeControl "40/5400+30:1800+30"]

1. d4 Nf6 2. c4 g6 3. g3 Bg7 4. Bg2 d5 5. cxd5 Nxd5 6. e4 Nb6 7. Ne2 c5 8. d5 O-O 9. O-O e6 10. Nec3 Na6 11. a3 exd5 12. exd5 Nc4 13. Bf4 Re8 14. b3 Nd6 15. g4 b5 16. Ra2 b4 17. axb4 Nxb4 18. Ra4 a5 19. Qf3 Bd7 20. Ra1 Nb5 21. Qg3 Qf6 22. Bd2 Nd4 23. Ra3 Bb5 24. Rc1 Bd7 25. h3 Ndc2 26. Qc7 Nxa3 27. Nxa3 Nd3 28. Rf1 Qd8 29. Qg3 Nb4 30. Nc4 Nc2 31. Ne4 Nd4 32. Kh1 a4 33. bxa4 Rxa4 34. Ncd6 Be5 35. Qd3 c4 36. Qb1 Rf8 37. Nb7 Qb8 38. Nec5 Bb5 39. Bc3 Nb3 40. Nxa4 Bxa4 41. Bxe5 Qxe5 42. Re1 Qd4 43. Qa2 c3 44. d6 Qd2 45. Qxd2 cxd2 46. Rd1 Re8 47. Bf3 Re1+ 48. Kg2 Kf8 49. Kg3 g5 50. h4 h6 51. hxg5 hxg5 52. Na5 Rxd1 53. Bxd1 Nc5 54. d7 Ke7 55. Nb7 Nxb7 56. Bxa4 Nc5 57. Bc2 Ne4+ 58. Bxe4 d1=Q 59. Bf5 Kf6 60. f4 Qd6 0-1

[Event "Azerbaijan Championship 2022"]
[Site "Nakhchivan"]
[Date "2022.02.09"]
[Round "5.10"]
[White "Atakishiyev, Elmar"]
[Black "Mammadov, Sadig"]
[Result "0-1"]
[ECO "D45"]
[WhiteElo "2240"]
[BlackElo "2220"]
[Annotator "ChessBase"]
[PlyCount "90"]
[EventDate "2022.02.05"]
[EventCountry "AZE"]
[SourceTitle "playchess.com"]
[Source "ChessBase"]
[SourceQuality "1"]
[TimeControl "40/5400+30:1800+30"]

1. d4 d5 2. c4 c6 3. Nf3 Nf6 4. Nc3 e6 5. e3 Nbd7 6. Qc2 Be7 7. b3 O-O 8. Bb2 b6 9. Bd3 Bb7 10. O-O Bd6 11. Rad1 h6 12. e4 dxe4 13. Nxe4 Nxe4 14. Bxe4 Qc7 15. Qc3 f5 16. Bb1 Rf7 17. Rfe1 Re8 18. h3 c5 19. dxc5 Nxc5 20. Nd4 Be5 21. Qe3 Bh2+ 22. Kf1 Ne4 23. Nb5 Qe7 24. Bxe4 fxe4 25. Ba3 Qh4 26. Nd6 Rf3 27. Nxe8 Rxe3 28. Rxe3 Bc6 29. Nd6 Bf4 30. Re2 Be5 31. Re3 Qh5 32. g4 Qh4 33. Nc8 Kh7 34. Ne7 Bf4 35. Rd8 Qf6 36. Re2 Bb7 37. Rd7 Qc3 38. Rb2 Qxh3+ 39. Ke1 Qh1+ 40. Ke2 Qf3+ 41. Ke1 e3 42. fxe3 Qxe3+ 43. Kf1 Qh3+ 44. Ke1 Qh1+ 45. Ke2 Bf3+ 0-1

[Event "Azerbaijan Championship 2022"]
[Site "Nakhchivan"]
[Date "2022.02.10"]
[Round "6.7"]
[White "Ilyasli, Ughur"]
[Black "Eynullayev, Atilla"]
[Result "1-0"]
[ECO "E21"]
[WhiteElo "2310"]
[BlackElo "2324"]
[Annotator "ChessBase"]
[PlyCount "124"]
[EventDate "2022.02.05"]
[EventCountry "AZE"]
[SourceTitle "playchess.com"]
[Source "ChessBase"]
[SourceQuality "1"]
[TimeControl "40/5400+30:1800+30"]

1. d4 Nf6 2. c4 e6 3. Nc3 Bb4 4. Nf3 O-O 5. Bg5 c5 6. dxc5 Na6 7. Qc2 Nxc5 8. a3 Bxc3+ 9. Qxc3 b6 10. Bxf6 Qxf6 11. Qxf6 gxf6 12. b4 Na4 13. Nd4 Ba6 14. e4 Rfc8 15. Rc1 Nb2 16. b5 Bb7 17. Rc2 Na4 18. f3 a6 19. Be2 axb5 20. Nxb5 Ra5 21. Nd6 Rb8 22. O-O Kf8 23. f4 Ke7 24. Nxb7 Rxb7 25. Rf3 Nc5 26. Re3 Rba7 27. Rcc3 Rc7 28. g4 Nb7 29. Rb3 Rc6 30. e5 fxe5 31. fxe5 Rcc5 32. Rxb6 Rxe5 33. Rxe5 Rxe5 34. Kf2 Nd6 35. Rb4 Ra5 36. a4 Ne4+ 37. Ke3 Nc3 38. Bd3 Nxa4 39. Bxh7 Nc5 40. h4 Ra3+ 41. Kf4 f5 42. Rb5 Nd3+ 43. Kg5 fxg4 44. Kxg4 Nf2+ 45. Kf4 Kf6 46. Rb6 Rc3 47. c5 Rxc5 48. Kf3 Nh3 49. Rb3 Rh5 50. Bc2 Rxh4 51. Kg3 Rh8 52. Rf3+ Ke5 53. Kg4 Rc8 54. Re3+ Kf6 55. Rf3+ Ke5 56. Re3+ Kd6 57. Bh7 Ng1 58. Re1 Rh8 59. Be4 Rg8+ 60. Kh4 Ke7 61. Re3 Ra8 62. Bxa8 Ke8 1-0

[Event "Azerbaijan Championship 2022"]
[Site "Nakhchivan"]
[Date "2022.02.11"]
[Round "7.10"]
[White "Eynullayev, Atilla"]
[Black "Bayramov, Elvin"]
[Result "1-0"]
[ECO "B84"]
[WhiteElo "2324"]
[BlackElo "2280"]
[Annotator "ChessBase"]
[PlyCount "69"]
[EventDate "2022.02.05"]
[EventCountry "AZE"]
[SourceTitle "playchess.com"]
[Source "ChessBase"]
[SourceQuality "1"]
[TimeControl "40/5400+30:1800+30"]

1. e4 c5 2. Nf3 d6 3. d4 cxd4 4. Nxd4 Nf6 5. Nc3 a6 6. Be2 e6 7. Be3 Be7 8. g4 Nc6 9. g5 Nd7 10. h4 Qc7 11. h5 Nce5 12. f4 Nc4 13. Bxc4 Qxc4 14. Qd3 Qxd3 15. cxd3 Nc5 16. Ke2 Bd7 17. Rac1 b5 18. a3 Na4 19. Nd1 Rc8 20. Rxc8+ Bxc8 21. Nc6 Bf8 22. Bd4 h6 23. g6 f6 24. Ne3 e5 25. Ba7 exf4 26. Nd5 Bb7 27. Nd4 f3+ 28. Kxf3 Nc5 29. Rc1 Bxd5 30. exd5 Kd7 31. Bb6 f5 32. b4 Nxd3 33. Rc7+ Ke8 34. Nxf5 Ne5+ 35. Ke4 1-0

[Event "Azerbaijan Championship 2022"]
[Site "Nakhchivan"]
[Date "2022.02.12"]
[Round "8.8"]
[White "Talibov, Shiroghlan"]
[Black "Gasimov, Parviz"]
[Result "1-0"]
[ECO "D45"]
[WhiteElo "2307"]
[BlackElo "2379"]
[Annotator "ChessBase"]
[PlyCount "113"]
[EventDate "2022.02.05"]
[EventCountry "AZE"]
[SourceTitle "playchess.com"]
[Source "ChessBase"]
[SourceQuality "1"]
[TimeControl "40/5400+30:1800+30"]

1. d4 d5 2. c4 e6 3. Nf3 Nf6 4. Nc3 c6 5. e3 Nbd7 6. Qc2 Bd6 7. Bd3 dxc4 8. Bxc4 b5 9. Be2 O-O 10. O-O Bb7 11. e4 e5 12. dxe5 Nxe5 13. Nh4 g6 14. h3 b4 15. Nb1 c5 16. Nd2 Nc6 17. Nhf3 Qe7 18. b3 Be5 19. Nxe5 Nd4 20. Qd1 Qxe5 21. Bc4 Ne2+ 22. Qxe2 Qxa1 23. Nf3 Nxe4 24. Bb2 Qxa2 25. Ra1 Nc3 26. Rxa2 Nxe2+ 27. Bxe2 Bd5 28. Nd2 Rfe8 29. Bb5 Re1+ 30. Kh2 a5 31. Ra4 Rd1 32. Nc4 Rb1 33. Be5 Ra7 34. Nxa5 Rc1 35. Kg3 f5 36. f3 Kf7 37. h4 Ke6 38. Bb8 Ra8 39. Bf4 Rc2 40. Ra1 Kf6 41. Bc7 Rc8 42. Bd6 Ra8 43. Kf4 Ke6 44. Bc7 Rxg2 45. Re1+ Kf6 46. Rd1 Be6 47. Nb7 Bxb3 48. Rd7 Rc2 49. Be5+ Ke6 50. Nd8+ Rxd8 51. Rxd8 c4 52. Bc6 Ba2 53. Bd5+ Ke7 54. Rb8 b3 55. Rb7+ Kd8 56. Be6 b2 57. Bf6+ 1-0

[Event "Azerbaijan Championship 2022"]
[Site "Nakhchivan"]
[Date "2022.02.12"]
[Round "8.9"]
[White "Bayramov, Elvin"]
[Black "Manafov, Vugar"]
[Result "0-1"]
[ECO "A13"]
[WhiteElo "2280"]
[BlackElo "2299"]
[Annotator "ChessBase"]
[PlyCount "84"]
[EventDate "2022.02.05"]
[EventCountry "AZE"]
[SourceTitle "playchess.com"]
[Source "ChessBase"]
[SourceQuality "1"]
[TimeControl "40/5400+30:1800+30"]

1. Nf3 Nf6 2. c4 e6 3. g3 d5 4. Bg2 dxc4 5. Qa4+ Nbd7 6. O-O a6 7. Qxc4 c5 8. a4 b6 9. Ng5 Rb8 10. d4 h6 11. Ne4 b5 12. axb5 axb5 13. Qd3 c4 14. Qc2 Nxe4 15. Bxe4 Bd6 16. Nc3 b4 17. Na4 Qc7 18. Nc5 Nxc5 19. dxc5 Bxc5 20. Kg2 Bd4 21. Rd1 b3 22. Qd2 Bf6 23. Qf4 Be5 24. Qh4 O-O 25. Ra4 Bb7 26. f3 Bxe4 27. Qxe4 Rfc8 28. Rxc4 Qxc4 29. Rd8+ Rxd8 30. Qxc4 Rbc8 31. Qe4 Bf6 32. Bf4 Bxb2 33. Qb7 e5 34. Qxb3 Rb8 35. Qc2 exf4 36. gxf4 Bf6 37. Kg3 Rb2 38. Qc4 Rdd2 39. Qc8+ Rd8 40. Qc4 g6 41. f5 g5 42. Qc6 Kg7 0-1

[Event "Azerbaijan Championship 2022"]
[Site "Nakhchivan"]
[Date "2022.02.12"]
[Round "8.10"]
[White "Bayramov, Zaur"]
[Black "Mustafayev, Farid"]
[Result "0-1"]
[ECO "A15"]
[WhiteElo "2357"]
[BlackElo "2322"]
[Annotator "ChessBase"]
[PlyCount "112"]
[EventDate "2022.02.05"]
[EventCountry "AZE"]
[SourceTitle "playchess.com"]
[Source "ChessBase"]
[SourceQuality "1"]
[TimeControl "40/5400+30:1800+30"]

1. c4 Nf6 2. Nf3 d6 3. Nc3 Bf5 4. d3 e5 5. g3 Qc8 6. Bg2 Bh3 7. O-O Bxg2 8. Kxg2 Be7 9. d4 Nbd7 10. e4 O-O 11. c5 Re8 12. cxd6 Bxd6 13. dxe5 Nxe5 14. Nd4 Bb4 15. Qc2 Bxc3 16. bxc3 c5 17. Nf5 Qc6 18. f3 g6 19. Nh4 Rad8 20. Bg5 Rd3 21. Rae1 Red8 22. Re2 Kg7 23. Qc1 Re8 24. Rd1 c4 25. Rf1 Nfd7 26. Be3 f6 27. Bd4 Kg8 28. h3 a5 29. Qa3 b6 30. Kh2 g5 31. Nf5 Rxf3 32. Ref2 Rxf2+ 33. Rxf2 Qxe4 34. Nd6 Nf3+ 35. Rxf3 Qxf3 36. Nxe8 Qe2+ 37. Kg1 Qxe8 38. Qd6 Kf7 39. g4 Qe6 40. Qc7 Kg6 41. Qc8 h5 42. Kf2 b5 43. a3 hxg4 44. hxg4 Qxg4 45. Qg8+ Kf5 46. Qd5+ Ne5 47. Qxb5 Qf3+ 48. Ke1 Kf4 49. Kd2 Qg2+ 50. Kc1 Nd3+ 51. Kb1 Qf1+ 52. Ka2 Qe2+ 53. Kb1 Qd1+ 54. Ka2 Qc2+ 55. Ka1 Nc1 56. Qb8+ Kg4 0-1

[Event "Azerbaijan Championship 2022"]
[Site "Nakhchivan"]
[Date "2022.02.12"]
[Round "8.12"]
[White "Babayev, Talib"]
[Black "Sevdimaliyev, Urfan"]
[Result "0-1"]
[ECO "B38"]
[WhiteElo "2256"]
[BlackElo "2359"]
[Annotator "ChessBase"]
[PlyCount "96"]
[EventDate "2022.02.05"]
[EventCountry "AZE"]
[SourceTitle "playchess.com"]
[Source "ChessBase"]
[SourceQuality "1"]
[TimeControl "40/5400+30:1800+30"]

1. e4 c5 2. Nf3 Nc6 3. d4 cxd4 4. Nxd4 g6 5. c4 Bg7 6. Be3 Nf6 7. Nc3 O-O 8. Be2 d6 9. O-O Bd7 10. Qd2 Nxd4 11. Bxd4 Bc6 12. Bd3 a5 13. b3 Nd7 14. Bxg7 Kxg7 15. Rae1 Qb6 16. Re3 Qd4 17. Rh3 h5 18. Ne2 Qc5 19. Kh1 Nf6 20. f3 b5 21. Rg3 bxc4 22. Bxc4 Rfd8 23. Nd4 Bd7 24. Re1 e5 25. Nf5+ Bxf5 26. exf5 Qb4 27. Qc1 d5 28. a3 Qc5 29. Bd3 Qxc1 30. Rxc1 h4 31. Rh3 Rac8 32. Rd1 g5 33. f4 exf4 34. Rf3 Rc3 35. Bb1 Rdc8 36. a4 Rc1 37. Rff1 Rxd1 38. Rxd1 Ng4 39. Kg1 Ne3 40. Re1 Rc3 41. g3 hxg3 42. hxg3 fxg3 43. b4 axb4 44. a5 d4 45. a6 Ra3 46. Bd3 Rxd3 47. Ra1 b3 48. f6+ Kg6 0-1

[Event "Azerbaijan Championship 2022"]
[Site "Nakhchivan"]
[Date "2022.02.13"]
[Round "9.7"]
[White "Hasanzade, Toghrul"]
[Black "Ilyasli, Ughur"]
[Result "0-1"]
[ECO "B90"]
[WhiteElo "2292"]
[BlackElo "2310"]
[Annotator "NA"]
[PlyCount "80"]
[EventDate "2022.02.05"]
[EventCountry "AZE"]
[SourceTitle "playchess.com"]
[Source "ChessBase"]
[SourceQuality "1"]
[TimeControl "40/5400+30:1800+30"]

1. e4 c5 2. Nf3 d6 3. d4 cxd4 4. Nxd4 Nf6 5. Nc3 a6 6. h3 e5 7. Nde2 h5 8. Bg5 Be7 9. Bxf6 Bxf6 10. Nd5 Bg5 11. h4 Bh6 12. Qd3 Nc6 13. g3 Be6 14. f4 $15 Rc8 15. c3 Ne7 16. Bh3 Bxh3 17. Rxh3 Nxd5 18. Qxd5 Qd7 19. Rh1 Rc5 20. Qd3 Qc6 21. Rd1 O-O 22. f5 Rc4 23. Qxd6 Qxe4 24. Rf1 Ra4 25. Qd5 Qxd5 26. Rxd5 Rxa2 27. Rxe5 Rxb2 28. Kf2 Rd8 29. Ra1 f6 30. Re4 Rd5 31. Raa4 Rxf5+ 32. Kg2 Rd5 33. Rac4 Rdd2 34. Kf3 Rd3+ 35. Kf2 a5 36. Re7 b5 37. Rc8+ Kh7 38. g4 hxg4 39. h5 Rf3+ 40. Kg2 Be3 0-1

[Event "Azerbaijan Championship 2022"]
[Site "Nakhchivan"]
[Date "2022.02.13"]
[Round "9.9"]
[White "Gasimov, Parviz"]
[Black "Bayramov, Zaur"]
[Result "1/2-1/2"]
[ECO "B53"]
[WhiteElo "2379"]
[BlackElo "2357"]
[Annotator "ChessBase"]
[PlyCount "113"]
[EventDate "2022.02.05"]
[EventCountry "AZE"]
[SourceTitle "playchess.com"]
[Source "ChessBase"]
[SourceQuality "1"]
[TimeControl "40/5400+30:1800+30"]

1. e4 c5 2. Nf3 d6 3. d4 cxd4 4. Qxd4 a6 5. h3 Nc6 6. Qe3 Nf6 7. c4 g6 8. Be2 Bg7 9. O-O O-O 10. Nc3 Rb8 11. Rd1 Qc7 12. Bd2 Nd7 13. Nd5 Qd8 14. Bc3 Bxc3 15. Nxc3 b6 16. Nd5 f6 17. Nd4 Nxd4 18. Qxd4 Bb7 19. b4 a5 20. a3 axb4 21. axb4 Ra8 22. Rxa8 Bxa8 23. Bg4 Ne5 24. Be6+ Kg7 25. f4 Nc6 26. Qe3 Qb8 27. Nxb6 Qa7 28. b5 Na5 29. c5 dxc5 30. Nd7 Rd8 31. Ra1 Qc7 32. b6 Qd6 33. f5 Rxd7 34. Bxd7 Nc4 35. Qe1 Nxb6 36. Rd1 Qe5 37. Be6 g5 38. Rd8 Bxe4 39. Qe2 Qa1+ 40. Rd1 Qe5 41. Re1 Qd4+ 42. Kh1 Bd3 43. Qh5 Qf2 44. Rg1 Be4 45. Qe8 Bxg2+ 46. Rxg2 Qe1+ 47. Kh2 Qe5+ 48. Rg3 Qe2+ 49. Kh1 Qf1+ 50. Kh2 Qe2+ 51. Rg2 Qe5+ 52. Kh1 Qe1+ 53. Rg1 Qe4+ 54. Kh2 Qe2+ 55. Kg3 Qe3+ 56. Kh2 Qe2+ 57. Rg2 1/2-1/2

[Event "Azerbaijan Championship 2022"]
[Site "Nakhchivan"]
[Date "2022.02.13"]
[Round "9.11"]
[White "Atakishiyev, Elmar"]
[Black "Eynullayev, Atilla"]
[Result "0-1"]
[ECO "E06"]
[WhiteElo "2240"]
[BlackElo "2324"]
[Annotator "ChessBase"]
[PlyCount "113"]
[EventDate "2022.02.05"]
[EventCountry "AZE"]
[SourceTitle "playchess.com"]
[Source "ChessBase"]
[SourceQuality "1"]
[TimeControl "40/5400+30:1800+30"]

1. d4 Nf6 2. c4 e6 3. g3 d5 4. Nf3 Be7 5. Bg2 O-O 6. O-O dxc4 7. Qa4 a6 8. Qxc4 b5 9. Qc2 Bb7 10. Bd2 Be4 11. Qc1 c6 12. a4 Nbd7 13. Bf4 Rc8 14. Nbd2 Bd5 15. axb5 axb5 16. Qb1 c5 17. e4 Bb7 18. e5 Nd5 19. Ne4 Nxf4 20. gxf4 h6 21. Ra7 Bd5 22. Rd1 Ra8 23. Rxa8 Qxa8 24. Ne1 c4 25. Ng3 g6 26. Qc2 Rc8 27. Bxd5 Qxd5 28. Ng2 Qf3 29. Re1 Nb6 30. Re3 Qa8 31. f5 Nd5 32. fxg6 Nxe3 33. gxf7+ Kxf7 34. Nxe3 Kg7 35. d5 Bc5 36. Ng4 Qxd5 37. Nf6 Qd3 38. Qc1 Qf3 39. Qc2 Qxf2+ 40. Qxf2 Bxf2+ 41. Kxf2 Ra8 42. Ne2 Ra2 43. Ne8+ Kf8 44. Nc7 Rxb2 45. Nxe6+ Ke7 46. N6d4 b4 47. Ke3 b3 48. e6 Ra2 49. Nc3 b2 50. Ke4 Ra3 51. Nde2 Ra1 52. Kd5 b1=Q 53. Nxb1 Rxb1 54. Kxc4 Kxe6 55. h3 Ke5 56. Kd3 Rb3+ 57. Nc3 0-1